[Event "FIDE World Cup O12-A 2024"]
[Site "Batumi"]
[Date "2024.06.29"]
[Round "7.1"]
[White "Obidov, Biloliddin"]
[Black "Guo, Ethan"]
[Result "1/2-1/2"]
[ECO "D78"]
[WhiteElo "1998"]
[BlackElo "2136"]
[Annotator "RC"]
[PlyCount "49"]
[EventDate "2024.06.23"]
[EventType "swiss"]
[EventCountry "GEO"]
[SourceTitle "playchess.com"]
[Source "ChessBase"]
[SourceQuality "1"]
[TimeControl "5400+30"]

1. d4 Nf6 2. Nf3 g6 3. c4 Bg7 4. g3 O-O 5. Bg2 c6 6. O-O d5 7. Nbd2 a5 8. b3 a4 9. Bb2 Qa5 10. Rc1 Qa6 11. Re1 Bf5 12. Ne5 Nbd7 13. Nxd7 Bxd7 14. Nf3 axb3 15. axb3 Qa2 16. Ba1 Bf5 17. Nd2 Bh6 18. e3 Bd3 19. Bc3 Rfc8 20. Bf1 Bf5 21. Ra1 Qc2 22. Qxc2 Bxc2 23. c5 Nd7 24. Rec1 Bf5 25. b4 1/2-1/2

[Event "FIDE World Cup O12-A 2024"]
[Site "Batumi"]
[Date "2024.06.29"]
[Round "7.2"]
[White "Bulgak, Damir"]
[Black "Kleschevnikov, Arseny"]
[Result "1-0"]
[ECO "A13"]
[WhiteElo "1931"]
[BlackElo "1895"]
[Annotator "NA RC"]
[PlyCount "69"]
[EventDate "2024.06.23"]
[EventType "swiss"]
[EventCountry "GEO"]
[SourceTitle "playchess.com"]
[Source "ChessBase"]
[SourceQuality "1"]
[TimeControl "5400+30"]

1. c4 e6 2. Nf3 d5 3. g3 Nf6 4. Bg2 dxc4 5. Qa4+ Nbd7 6. Qxc4 c5 7. Qc2 Rb8 8. d4 cxd4 9. Nxd4 Bc5 10. Nb3 Bd6 11. O-O O-O 12. Nc3 a6 13. Rd1 Qe7 $16 14. Be3 Rd8 15. h3 h6 16. Rac1 Nf8 17. Ba7 Ra8 18. Bb6 Bc7 19. Na4 Rxd1+ 20. Rxd1 Bd6 21. Qd2 Bb4 22. Bd8 Bxd2 23. Bxe7 Bg5 24. Bxf8 Kxf8 25. Nb6 Rb8 26. Rd8+ Ke7 27. Rxc8 Rxc8 28. Nxc8+ Kd7 29. Bxb7 Kc7 30. Bxa6 Nd5 31. a3 Bf6 32. e4 Nb6 33. Nxb6 Kxb6 34. Bc4 Bxb2 35. a4 1-0

[Event "FIDE World Cup O12-A 2024"]
[Site "Batumi"]
[Date "2024.06.29"]
[Round "7.3"]
[White "Syed Abdul Khader"]
[Black "Siddhanth Poonja"]
[Result "1-0"]
[ECO "E40"]
[WhiteElo "2050"]
[BlackElo "1958"]
[Annotator "NA RC"]
[PlyCount "47"]
[EventDate "2024.06.23"]
[EventType "swiss"]
[EventCountry "GEO"]
[SourceTitle "playchess.com"]
[Source "ChessBase"]
[SourceQuality "1"]
[TimeControl "5400+30"]

1. d4 Nf6 2. c4 e6 3. Nc3 Bb4 4. a3 Bxc3+ 5. bxc3 O-O 6. e3 Nc6 7. Bd3 e5 8. f3 d6 9. Ne2 b6 10. O-O Na5 11. e4 Re8 12. Ng3 h6 $14 (12... Be6 $11) 13. Be3 Bd7 14. h3 g5 15. Kf2 h5 16. Bxg5 h4 17. Kg1 hxg3 18. f4 exd4 19. e5 dxe5 20. fxe5 Rxe5 21. Bxf6 Qe8 22. Qf3 Re3 23. Qh5 Rxd3 24. Qh8# 1-0

[Event "FIDE World Cup O12-A 2024"]
[Site "Batumi"]
[Date "2024.06.29"]
[Round "7.4"]
[White "Sobirov, Afruzbek"]
[Black "Wang, Ted"]
[Result "0-1"]
[ECO "D00"]
[WhiteElo "1789"]
[BlackElo "2034"]
[Annotator "NA RC"]
[PlyCount "68"]
[EventDate "2024.06.23"]
[EventType "swiss"]
[EventCountry "GEO"]
[SourceTitle "playchess.com"]
[Source "ChessBase"]
[SourceQuality "1"]
[TimeControl "5400+30"]

1. d4 Nf6 2. Nc3 d5 3. Bf4 g6 4. e3 Bg7 5. Nf3 O-O 6. Nb5 {[%emt 0:00:25] D00: 1 d4 d5: Unusual lines.} Na6 7. Ne5 c5 8. a4 Nh5 9. Bg3 Nxg3 10. hxg3 Nc7 11. Qf3 Nxb5 12. axb5 Bf5 13. Bd3 Bxd3 14. Nxd3 cxd4 15. exd4 Bxd4 16. g4 Bg7 17. g5 Qd7 ({Black should play} 17... Rc8 18. Qh3 h5 19. gxh6 Bf6) 18. O-O-O Qxb5 19. Qh3 Rfc8 20. Qxh7+ Kf8 21. Rhe1 $19 Qa4 22. Re2 Rc4 23. Qh3 Rac8 24. c3 Qb3 25. Rc2 e6 26. Qg3 Bxc3 27. bxc3 Rxc3 28. Rxc3 Qxc3+ 29. Kb1 Qc2+ 30. Ka1 Qxd1+ 31. Kb2 Rc2+ 32. Ka3 Rc3+ 33. Kb4 Qb3+ 34. Ka5 Qa3+ 0-1

[Event "FIDE World Cup O12-A 2024"]
[Site "Batumi"]
[Date "2024.06.29"]
[Round "7.5"]
[White "Yang, ZiLong"]
[Black "Kozhedub, Ivan"]
[Result "1-0"]
[ECO "B34"]
[WhiteElo "1874"]
[BlackElo "1778"]
[Annotator "NA RC"]
[PlyCount "89"]
[EventDate "2024.06.23"]
[EventType "swiss"]
[EventCountry "GEO"]
[SourceTitle "playchess.com"]
[Source "ChessBase"]
[SourceQuality "1"]
[TimeControl "5400+30"]

1. e4 c5 2. Nf3 g6 3. d4 cxd4 4. Nxd4 Nf6 5. Nc3 Nc6 6. Nxc6 dxc6 7. Qxd8+ Kxd8 8. Bc4 Ke8 9. e5 {[%emt 0:00:47] B34: Sicilian: Accelerated Dragon with 5 Nc3: sidelines.} Nd7 10. e6 fxe6 11. Bxe6 Nf6 12. Bxc8 Rxc8 13. Be3 Nd5 14. Nxd5 cxd5 15. O-O-O e6 16. Bxa7 Bg7 17. Rhe1 Kd7 18. Bd4 Bxd4 19. Rxd4 Rhf8 20. f3 Rf7 21. Rb4 Kd6 22. Re3 Rfc7 23. Rb6+ Rc6 24. Reb3 Ke5 25. c3 Rxb6 26. Rxb6 Rc7 27. Kd2 g5 $18 28. Ke3 h5 29. h3 h4 30. Rb4 Rg7 31. Rg4 Rg8 32. Rxg5+ Rxg5 33. f4+ Kf5 34. fxg5 e5 35. a4 Kxg5 36. a5 Kf5 37. Kf3 e4+ 38. Ke3 Ke5 39. b4 Kd6 40. Kd4 Kc6 41. c4 dxc4 42. Kxc4 e3 43. b5+ Kd6 44. Kd3 Kc5 45. a6 1-0

[Event "FIDE World Cup O12-A 2024"]
[Site "Batumi"]
[Date "2024.06.29"]
[Round "7.6"]
[White "Yerzhanuly Yernur"]
[Black "Yin, Zeming"]
[Result "1-0"]
[ECO "D02"]
[WhiteElo "1810"]
[BlackElo "1832"]
[Annotator "NA RC"]
[PlyCount "118"]
[EventDate "2024.06.23"]
[EventType "swiss"]
[EventCountry "GEO"]
[SourceTitle "playchess.com"]
[Source "ChessBase"]
[SourceQuality "1"]
[TimeControl "5400+30"]

1. d4 Nf6 2. Bf4 d5 3. e3 c5 4. Nf3 Nc6 5. Nbd2 cxd4 6. exd4 Bf5 7. Bb5 Qb6 8. c4 dxc4 9. Qa4 a6 10. Bxc6+ bxc6 11. Nxc4 Qb5 12. Qxb5 cxb5 13. Nb6 Ra7 14. a4 Rb7 15. a5 e6 16. O-O Bb4 17. Bd2 Be7 18. Ne5 Bd8 19. Bb4 Be4 20. Nc8 Bc7 21. Rfc1 Nd5 22. Nd6+ Bxd6 23. Rc8+ Ke7 24. Bxd6+ Kxd6 25. Rxh8 Rc7 26. Re1 Nb4 27. f3 Bf5 28. g4 Bc2 29. g5 Ke7 30. Rg8 Bf5 31. h4 g6 32. Ng4 Nd3 33. Re2 b4 34. Ra8 b3 35. Ne3 Rc1+ 36. Kh2 Nf4 37. Nxf5+ gxf5 38. Rd2 Kd7 39. Kg3 Rc2 40. Ra7+ Ke8 41. Kxf4 Rxd2 42. Ke5 Rxb2 43. Rxa6 Rh2 44. Rb6 Ra2 45. Rxb3 Rxa5+ 46. Kf6 Ra1 47. h5 Rd1 48. Rb8+ Kd7 49. Rb7+ Kd6 50. Rxf7 Rxd4 51. Rxh7 Rf4 52. g6 Rxf3 53. g7 Rg3 54. Rh6 Rxg7 55. Kxg7 f4 56. Rf6 Ke5 57. h6 f3 58. h7 f2 59. Rxf2 Kd5 1-0

[Event "FIDE World Cup O12-A 2024"]
[Site "Batumi"]
[Date "2024.06.29"]
[Round "7.7"]
[White "Haresh, Venkata Narayanaswam"]
[Black "Yang, Maxwell"]
[Result "1-0"]
[ECO "B23"]
[WhiteElo "1728"]
[BlackElo "1979"]
[Annotator "NA RC"]
[PlyCount "53"]
[EventDate "2024.06.23"]
[EventType "swiss"]
[EventCountry "GEO"]
[SourceTitle "playchess.com"]
[Source "ChessBase"]
[SourceQuality "1"]
[TimeControl "5400+30"]

1. e4 c5 2. Nc3 d6 3. d4 cxd4 4. Qxd4 Nc6 5. Qd2 g6 6. b3 Bh6 7. f4 e5 8. Nb5 Bxf4 9. Qxd6 Qxd6 10. Nxd6+ Kf8 11. Ba3 Nge7 12. Bc4 Nd4 13. Bd3 Kg7 $1 14. g3 Be3 15. Nc4 $14 Bg5 16. Nxe5 Bf6 17. Nc4 Nec6 18. O-O-O Rd8 19. Rf1 Be6 20. Ne2 b5 21. Nd2 Nxe2+ 22. Bxe2 b4 23. Bb5 bxa3 24. Bxc6 Bg5 25. Rf2 Rac8 26. Bb5 Rc5 27. Bf1 1-0

[Event "FIDE World Cup O12-A 2024"]
[Site "Batumi"]
[Date "2024.06.29"]
[Round "7.8"]
[White "Mamikonyan, Artem T"]
[Black "Li, Yiheng"]
[Result "0-1"]
[ECO "B94"]
[WhiteElo "1855"]
[BlackElo "1886"]
[Annotator "NA RC"]
[PlyCount "80"]
[EventDate "2024.06.23"]
[EventType "swiss"]
[EventCountry "GEO"]
[SourceTitle "playchess.com"]
[Source "ChessBase"]
[SourceQuality "1"]
[TimeControl "5400+30"]

1. e4 c5 2. Nf3 d6 3. d4 cxd4 4. Nxd4 Nf6 5. Nc3 a6 6. Bg5 Nbd7 7. Qd2 b5 8. Bd3 {[%emt 0:02:05] B94: Sicilian Najdorf: 6 Bg5 Nbd7.} Bb7 9. O-O e6 10. f3 Be7 11. Be3 O-O 12. a4 b4 13. Nce2 d5 14. exd5 Nxd5 15. Bf2 g6 16. Rad1 e5 17. Nb3 Bg5 18. Qe1 Ne3 19. Bxe3 Bxe3+ 20. Kh1 Qe7 21. Na5 Nf6 22. Nxb7 Qxb7 23. Ng3 Qb6 $11 24. b3 Bd4 25. Bc4 Kg7 26. Qe2 a5 27. f4 e4 28. f5 Rae8 29. Bb5 Re5 30. Qc4 Bf2 31. Qe2 Bxg3 32. hxg3 gxf5 33. Qd2 Ng4 34. Qd6 Qe3 35. Qd2 Qxg3 36. Qg5+ Kh8 37. Qf4 Qxf4 38. Rxf4 Ne3 39. Rd2 Rc8 40. Re2 Nd5 0-1

[Event "FIDE World Cup O12-A 2024"]
[Site "Batumi"]
[Date "2024.06.29"]
[Round "7.9"]
[White "Diasamidze, Rati"]
[Black "Berdashkevich, Makar"]
[Result "1/2-1/2"]
[ECO "A30"]
[WhiteElo "1646"]
[BlackElo "1650"]
[Annotator "NA RC"]
[PlyCount "57"]
[EventDate "2024.06.23"]
[EventType "swiss"]
[EventCountry "GEO"]
[SourceTitle "playchess.com"]
[Source "ChessBase"]
[SourceQuality "1"]
[TimeControl "5400+30"]

1. c4 Nf6 2. Nf3 e6 3. Nc3 b6 4. g3 Bb7 5. Bg2 c5 6. O-O d6 7. b3 Nbd7 8. e3 Be7 9. Bb2 O-O 10. d4 cxd4 11. exd4 a6 12. Re1 Rc8 13. Qd3 Re8 14. Rad1 Bf8 15. h4 Qc7 16. Rc1 Qb8 17. a4 Qa8 18. Re2 h6 19. Ne1 d5 20. Nd1 Ne4 21. Bxe4 dxe4 22. Qb1 Qb8 23. Ne3 f5 24. N1g2 Bd6 25. d5 Nc5 26. Rd1 Rf8 27. dxe6 Nd3 28. Rxd3 exd3 29. Qxd3 1/2-1/2

[Event "FIDE World Cup O12-A 2024"]
[Site "Batumi"]
[Date "2024.06.29"]
[Round "7.10"]
[White "Nanayakkara, Sanuk"]
[Black "Todua, Andria"]
[Result "1-0"]
[ECO "D74"]
[WhiteElo "1714"]
[BlackElo "1599"]
[Annotator "NA RC"]
[PlyCount "77"]
[EventDate "2024.06.23"]
[EventType "swiss"]
[EventCountry "GEO"]
[SourceTitle "playchess.com"]
[Source "ChessBase"]
[SourceQuality "1"]
[TimeControl "5400+30"]

1. Nf3 Nf6 2. g3 g6 3. Bg2 Bg7 4. O-O O-O 5. c4 d5 6. cxd5 Nxd5 7. d4 c6 8. Nc3 Nxc3 9. bxc3 Be6 10. e4 Bg4 11. Ba3 Qd7 12. Qb3 Bxf3 13. Bxf3 Na6 14. Be2 Nc7 15. Rad1 Nb5 16. Bb2 Nd6 17. Bf3 b5 18. Rfe1 Rab8 19. Bc1 Rb6 20. Ba3 Rbb8 21. Bc5 Nb7 22. e5 Qc7 23. Bxa7 Ra8 24. Bc5 Nxc5 25. dxc5 Bxe5 26. Bxc6 Bxc3 27. Bxa8 Bxe1 28. Bd5 e6 29. Rxe1 exd5 30. Qxd5 Rc8 31. Rc1 Qe7 32. c6 Qa3 33. Rc5 Qb2 34. c7 Qb1+ 35. Kg2 Kg7 36. Qb7 Qe1 37. Qxc8 Qe4+ 38. Kh3 Qe2 39. Qb7 1-0

[Event "FIDE World Cup O12-A 2024"]
[Site "Batumi"]
[Date "2024.06.29"]
[Round "7.12"]
[White "Tavberidze, Alexandre"]
[Black "Lee, Daniel Joshua"]
[Result "1/2-1/2"]
[ECO "C50"]
[WhiteElo "1529"]
[BlackElo "1717"]
[Annotator "NA RC"]
[PlyCount "130"]
[EventDate "2024.06.23"]
[EventType "swiss"]
[EventCountry "GEO"]
[SourceTitle "playchess.com"]
[Source "ChessBase"]
[SourceQuality "1"]
[TimeControl "5400+30"]

1. e4 e5 2. Nf3 Nc6 3. Bc4 Bc5 4. d3 Nf6 5. O-O d6 6. Bg5 h6 7. Bh4 g5 8. Bg3 Bg4 9. Nbd2 Qd7 10. c3 O-O-O 11. b4 Bb6 12. Qb3 Be6 13. Bxe6 fxe6 14. Nc4 h5 15. Nxb6+ axb6 16. h4 g4 17. Ng5 d5 18. a4 Kb8 19. Rfe1 Rhe8 20. Rad1 Nh7 21. Nxh7 Qxh7 22. Qc2 Qg7 23. b5 Na5 24. Rd2 d4 25. c4 Rc8 26. Qb2 Ka7 27. Rc1 Qf6 28. Rdc2 c5 29. bxc6 bxc6 30. c5 Rb8 31. cxb6+ Rxb6 32. Qa3 Qe7 33. Qxe7+ Rxe7 34. Bxe5 Nb3 35. Rb1 c5 36. Rcb2 Reb7 37. Bf6 Ka6 38. f3 gxf3 39. gxf3 Rb4 40. Bg5 Ka5 41. Ra2 Rxa4 42. Bd8+ Kb4 43. Rxa4+ Kxa4 44. Rf1 Kb4 45. f4 Kc3 46. Rf3 Nd2 47. Ba5+ Kc2 48. Bxd2 Kxd2 49. f5 exf5 50. exf5 Rf7 51. Kf2 Rf6 52. Kg3 Ke2 53. Kg2 Ke1 54. Rf2 c4 55. dxc4 d3 56. Kg3 d2 57. Rxd2 Kxd2 58. Kf4 Rc6 59. Kg5 Rxc4 60. Kxh5 Ke3 61. f6 Kf4 62. Kg6 Ke5 63. f7 Rg4+ 64. Kh5 Rf4 65. Kg6 Rg4+ 1/2-1/2